 Dungeon Crawl Stone Soup version 0.19.5 (webtiles) character file.

61 McKennaii the Gusty (level 3, -3/21 HPs)
             Began as a High Elf Air Elementalist on Apr 23, 2017.
             Was an Initiate of Sif Muna.
             Slain by Sigmund
             ... wielding a +0 scythe
              (6 damage)
             ... on level 2 of the Dungeon.
             The game lasted 00:04:36 (1683 turns).

McKennaii the Gusty (High Elf Air Elementalist)     Turns: 1683, Time: 00:04:37

Health: -3/21      AC:  2    Str:  5 (7)  XL:     3   Next: 83%
Magic:  1/8        EV: 13    Int: 17 (19) God:    Sif Muna [......]
Gold:   98         SH:  0    Dex: 14 (16) Spells: 3 memorised, 3 levels left

rFire  . . .     SeeInvis .     o - +0 long sword
rCold  . . .     Gourm    .     a - +0 robe
rNeg   . . .     Faith    .     (no shield)
rPois  .         Spirit   .     (no helmet)
rElec  .         Reflect  .     (no cloak)
rCorr  .         Harm     .     (no gloves)
MR     .....                    (no boots)
Stlth  +.........               (no amulet)
                                (no ring)
                                (no ring)

@: confused, very slightly contaminated, repel missiles
A: no striking features
a: Renounce Religion


You were on level 2 of the Dungeon.
You worshipped Sif Muna.
Sif Muna was noncommittal.
You were not hungry.

You visited 1 branch of the dungeon, and saw 2 of its levels.

You collected 98 gold pieces.

Inventory:

Hand Weapons
 o - a +0 long sword (weapon)
Armour
 a - a +0 robe (worn)
Jewellery
 f - an uncursed ring of ice
Scrolls
 d - 2 scrolls of enchant weapon {unknown}
 e - a scroll of enchant armour {unknown}
 g - 2 scrolls of magic mapping {unknown}
 h - 4 scrolls of remove curse {unknown}
 k - a scroll of teleportation {unknown}
 l - a scroll of blinking {unknown}
 n - a scroll of identify {unknown}
Potions
 j - a potion of heal wounds
 m - a potion of flight
Books
 b - a book of Air

   Spells                             Type                      Level
   a - Shock                          Conjuration/Air              1
   b - Swiftness                      Charms/Air                   2
   c - Repel Missiles                 Charms/Air                   2
   d - Static Discharge               Conjuration/Air              3
   e - Lightning Bolt                 Conjuration/Air              5
Comestibles
 c - 2 bread rations
 i - a meat ration


   Skills:
 + Level 2.3 Dodging
 + Level 2.3 Stealth
 + Level 3.3 Spellcasting
 + Level 2.1 Conjurations
 + Level 4.4 Air Magic


You had 3 spell levels left.
You knew the following spells:

 Your Spells              Type           Power        Failure   Level  Hunger
a - Shock                 Conj/Air       ##..         4%          1    None
b - Swiftness             Chrm/Air       ##......     12%         2    ##.....
c - Repel Missiles        Chrm/Air       ##....       12%         2    ##.....


Dungeon Overview and Level Annotations

Branches:
Dungeon (2/15)

Altars:
Sif Muna
Zin

Annotations:
D:2 Sigmund


Message History

You completely miss Sigmund.
Sigmund is severely wounded.
Sigmund casts a spell at you.
You are confused.
Sigmund barely misses you.
You hit Sigmund but do no damage.
Sigmund is severely wounded.
You slash Sigmund!
Sigmund is almost dead.
Sigmund hits you with a scythe.
* * * LOW HITPOINT WARNING * * *
You're too confused to move!
Sigmund barely misses you.
You're too confused to cast spells.
You're too confused!
You're too confused to move!
Sigmund casts a spell.
Sigmund flickers and vanishes!
Deactivating autopickup; reactivate with Ctrl-A.
You bump into the rock wall.
Something hits you.
You die...

#######.###.# #..'......+...
#........##.# #.##......##..
#.###.#..##.####.............
#.....#..................
#.#......................
#.#.###.####.............
..#.#.#.....# ##............
#.#.#.#..##.###########......
#...#.......@.........'......
#.#.....#.#{###########....##
.................#######.....#
.#.#....>).........@...#......
# #.............#####..#+##..
# #.#..........#### ##.#.#..#
#.#'##'######### #...#.##
#........%..# #####..#...
#..).$......# #..........


There were no monsters in sight!

Vanquished Creatures
  An adder (D:2)
  A worm (D:2)
  2 leopard geckos (D:1)
  8 bats
  A giant cockroach (D:1)
  6 hobgoblins
  7 jackals (D:2)
  4 kobolds
  A ball python (D:1)
  2 frilled lizards (D:1)
  6 goblins (D:1)
  5 rats
44 creatures vanquished.

Notes
Turn   | Place    | Note
-------+----------+-------------------------------------------
     0 | D:1      | McKennaii the High Elf Air Elementalist began the quest for the Orb.
     0 | D:1      | Reached XP level 1. HP: 11/11 MP: 4/4
    94 | D:1      | Reached skill level 4 in Air Magic
   162 | D:1      | Reached XP level 2. HP: 5/17 MP: 0/6
   225 | D:1      | Learned a level 2 spell: Swiftness
   228 | D:1      | Learned a level 2 spell: Repel Missiles
   937 | D:2      | Reached XP level 3. HP: 10/21 MP: 0/8
   963 | D:2      | HP: 1/21 [poisoned by an adder]
  1390 | D:2      | Found a deep blue altar of Sif Muna.
  1390 | D:2      | Found a glowing silver altar of Zin.
  1414 | D:2      | Became a worshipper of Sif Muna the Loreminder
  1526 | D:2      | Noticed Sigmund
  1683 | D:2      | Slain by Sigmund

Skill      XL: |  1  2  3 |
---------------+----------+-----
Air Magic      | 4 |  4.4
Spellcasting   | 3 |  3.3
Conjurations   | 2 |  2.1
Dodging        | |  2.3
Stealth        | |  2.3

Action                   || total
-------------------------++-------
Melee: Unarmed           ||     4
       Long sword        ||     5
 Cast: Shock             ||    98
       Repel Missiles    ||     1
  Use: Potion            ||     4
  Eat: Meat ration       ||     1
Armor: Robe              ||    11
Dodge: Dodged            ||    35
